 Dungeon Crawl Stone Soup version 0.29-a0-617-g7a6b98fccd (webtiles) character file.

Game seed: 12815205945399356139

1 Vylera the Magician (level 1, -2/11 HPs)
             Began as a Vine Stalker Wanderer on June 18, 2022.
             Slain by a quokka (4 damage)
             ... on level 1 of the Dungeon.
             The game lasted 00:00:42 (212 turns).

Vylera the Magician (Vine Stalker Wanderer)          Turns: 212, Time: 00:00:42

Health: -2/11      AC:  2    Str: 13    XL:     1   Next: 20%
Magic:  0/5        EV: 11    Int: 13    God:
Gold:   0          SH:  0    Dex: 13    Spells: 5/6 levels left

rFire   . . .      SeeInvis .   a - +0 club
rCold   . . .      Faith    .   (no shield)
rNeg    . . .      Spirit   +   d - +0 robe
rPois   .          Reflect  .   (no helmet)
rElec   .          Harm     .   (no cloak)
rCorr   .          Rampage  .   (no gloves)
Will    .....                   (no boots)
Stlth   ++........              (no amulet)
HPRegen 0.03/turn               (no ring)
MPRegen 0.09/turn               (no ring)

@: no status effects
A: fangs 2, magic shield, antimagic bite, no potion heal 2
a: no special abilities


You were on level 1 of the Dungeon.
You visited 1 branch of the dungeon, and saw 1 of its levels.

Inventory:

Hand Weapons
 a - a +0 club (weapon)
Armour
 d - a +0 robe (worn)
Wands
 b - a wand of polymorph (4)
Scrolls
 c - a scroll of teleportation
 e - a scroll of fog


   Skills:
 - Level 1.7 Fighting
 - Level 1.0 Armour
 - Level 2.4 Stealth
 + Level 3.3 Spellcasting
 + Level 0.2 Summonings
 - Level 1.0 Evocations


You had 5 spell levels left.
You knew the following spells:

 Your Spells              Type           Power      Damage    Failure   Level
a - Summon Small Mammal   Summ           8%         N/A       21%         1

Your spell library contained the following spells:

 Spells                   Type           Power      Damage    Failure   Level
 Ensorcelled Hibernation  Hex/Ice        4%         N/A       34%         2
 Passwall                 Tmut/Erth      1%         N/A       34%         2
 Confusing Touch          Hex            2%         N/A       56%         3


Dungeon Overview and Level Annotations

Branches:
Dungeon (1/15)

Altars:


Innate Abilities, Weirdness & Mutations

You have extremely sharp teeth.
When hurt, damage is shared between your health and your magic reserves.
Your bite disrupts and absorbs the magic of your enemies.
Potions cannot restore your health.


Message History

Will you prevail where others failed? Will you find the Orb of Zot?
Press ? for a list of commands and other information.
Found a staircase leading out of the dungeon.
You begin with the following items: a +0 club, a wand of polymorph (4), a scroll of teleportation, a +0 robe, a scroll of fog; and the following spell memorised: Summon Small Mammal; and the following spells available to memorise: Ensorcelled Hibernation, Passwall, Confusing Touch.
You open the door.
Found a leather armour.
There is an open door here.
Found a spear.
You see here a +0 spear.
A quokka comes into view.
The quokka bites you. x2
You closely miss the quokka. The quokka bites you.
You hit the quokka. Your bite misses the quokka.
The quokka is heavily wounded.
The quokka barely misses you. The quokka bites you.
You hit the quokka.
You kill the quokka!
No target in view!
Magic restored.
HP restored.
You see here a quokka corpse.
A quokka comes into view.
You barely miss the quokka. The quokka closely misses you.
You barely miss the quokka. You bite the quokka, but do no damage.
The quokka bites you. x2
You miss the quokka. The quokka bites you.
You are too injured to fight recklessly!
You are too injured to fight recklessly!
You closely miss the quokka. The quokka bites you. x2
* * * LOW HITPOINT WARNING * * *
You hit the quokka.
The quokka is heavily wounded.
The quokka barely misses you. x2
You closely miss the quokka. You bite the quokka, but do no damage.
The quokka is heavily wounded.
The quokka bites you but does no damage.
You miss the quokka. You bite the quokka, but do no damage.
The quokka is heavily wounded.
The quokka barely misses you. The quokka bites you.
You die...

######.#
#.@r...#
#.######
#.# #.#
#.# #.#
#†# #.#
#.#


You could see a quokka.

Vanquished Creatures
  A quokka (D:1)
1 creature vanquished.

Notes
Turn   | Place    | Note
-------+----------+-------------------------------------------
     0 | D:1      | Vylera the Vine Stalker Wanderer began the quest for the
                  | Orb.
     0 | D:1      | Vylera set off with the following items: a +0 club, a wand
                  | of polymorph (4), a scroll of teleportation, a +0 robe, a
                  | scroll of fog; and the following spell memorised: Summon
                  | Small Mammal; and the following spells available to
                  | memorise: Ensorcelled Hibernation, Passwall, Confusing
                  | Touch.
     0 | D:1      | Reached XP level 1. HP: 11/11 MP: 5/5
   212 | D:1      | Slain by a quokka

Illustrated notes

Levels and vault maps discovered:
D:1:      lemuel_arrival_behind_the_door_small, layout_basic,
          grunt_decor_junction

Action                   || total
-------------------------++-------
Melee: Club              ||    10
       Bite              ||     3
Armor: Robe              ||     1
Dodge: Dodged            ||     5

Table legend: (Time is in decaauts)
 A = Elapsed time spent in this place.
 B = Non-inter-level travel time spent in this place.
 C = Inter-level travel time spent in this place.
 D = Time resting spent in this place.
 E = Time spent auto-exploring this place.
 F = Levels seen in this place.
 G = Mean time per level.
                   A        B        C        D        E       F      G
               +--------+--------+--------+--------+--------+-----+--------+
         Total |    214 |    214 |      0 |      0 |    195 |   1 |  214.0 |
       Dungeon |    214 |    214 |      0 |      0 |    195 |   1 |  214.0 |
               +--------+--------+--------+--------+--------+-----+--------+

Top non-repeatable levels by time:
     D:1: 214 daAuts
